 Dungeon Sprint DCSS version 0.31-a0-331-geda263fcf1 (webtiles) character file.

Game seed: 11329803838551346808

449 dialectric the Protected (level 7, -5/50 HPs)
             Began as a Gargoyle Fighter on July 19, 2023.
             Was an Initiate of Trog.
             Slain by a slime creature (14 damage)
             ... in the Dungeon (Sprint I: "Red Sonja").
             The game lasted 00:00:55 (127 turns).

dialectric the Protected (Gargoyle Fighter)          Turns: 127, Time: 00:00:56

Health: -5/50      AC: 13    Str: 19    XL:     7   Next: 4%
Magic:  7/7        EV: 11    Int:  9    God:    Trog [......]
Gold:   272        SH:  0    Dex: 11    Spells: 6/6 levels left

rFire   . . .        a - +0 flail
rCold   . . .        (no shield)
rNeg    + . .        b - +0 scale mail
rPois   ∞            (no helmet)
rElec   +            (no cloak)
rCorr   .            (no gloves)
SInv    .            (no boots)
Will    .....        (no amulet) Stlth
                     (no ring)
HPRegen 0.28/turn    (no ring)
MPRegen 0.10/turn

%: no teleportation
@: no status effects
A: sickness immunity, AC +4, negative energy resistance 1, electricity
resistance, torment resistance 1, petrification resistance
a: Renounce Religion


You were in the Dungeon.
You worshipped Trog.
Trog was noncommittal.
You visited 1 branch You collected 272 gold pieces.

Inventory:

Hand Weapons
 a - a +0 flail (weapon)
Armour
 b - a +0 scale mail (worn)
 c - a +0 buckler
Wands
 d - a wand of iceblast (1)
Scrolls
 j - a scroll of blinking
Potions
 e - a potion of curing
 f - a potion of heal wounds
 g - a potion of haste
 h - 2 potions of magic


   Skills:
 + Level 8.9 Fighting
 + Level 6.1 Maces & Flails
 + Level 9.4 Armour
 * Level 4.6 Dodging
 - Level 6.1 Shields
 + Level 0.5 Evocations


You had 6 spell levels left.
You didn't know any spells.
Your spell library was empty.

Dungeon Overview and Level Annotations

Branches:
Dungeon (1/1)

Altars:
Cheibriados
Dithmenos
Elyvilon
Fedhas
Gozag
Hepliaklqana
Kikubaaqudgha
Makhleb
Nemelex Xobeh
Okawaru
Qazlal
Ru
Sif Muna
Trog
Uskayaw
Vehumet
Wu Jian
Xom
Yredelemnul
Zin
The Shining One
Jiyva
Lugonu

Shops:
D :


Innate Abilities, Weirdness & Mutations

You are immune to sickness and miasma.
Your stone body is resilient. (AC +4)
You are immune to poison.
You resist negative energy. (rN+)
You are resistant to electric shocks. (rElec)
You are resistant to unholy torment.
You are immune to petrification.


Message History

There is an open door, spattered with blood here.
Found a sparkling altar of Nemelex Xobeh.
You feel a strong urge to attack something.
You are no longer berserk.
You are exhausted.
You feel yourself slow down.
There is an entrance to Gaefomi's Book Emporium here.
There is an iron altar of Okawaru here.
There is a bloodstained altar of Trog here.
You kneel at the altar of Trog.
Trog welcomes you!
Unknown command.
Press < or > to pray at altars.
There is a blossoming altar of Fedhas here.
There is a stormy altar of Qazlal here.
There is an open door, spattered with blood here.
You feel yourself speed up.
There is an open door here.
You open the door.
A slime creature comes into view.
The slime creature quivers.
Found four altars.
You thump the slime creature!
The slime creature is lightly wounded.
The slime creature hits you but does no damage.
You thump the slime creature!
The slime creature is heavily wounded.
The slime creature hits you! x2
You sock the slime creature!
The slime creature is heavily wounded.
The slime creature hits you but does no damage.
You thump the slime creature!
The slime creature is severely wounded.
The slime creature hits you!
* * * LOW HITPOINT WARNING * * *
You hit the slime creature but do no damage.
The slime creature is severely wounded.
You recover from your berserk rage.
The slime creature hits you!
You die...

################ ##
#<.#..)..#.)'..#__#
#..)..#..'..#.@J..+
#..#####+#####'#__#
#..#### #...#.# ##
#..#__####..##.#
#..#_____##'#_.+
#⌠⌠#_.∩...'..._#
####_..__##_.#'#
#_____###+#.#
####### ###


You could see a slime creature.

Vanquished Creatures
  Sigmund (D)
  A yak (D)
  An ogre (D)
  A jelly (D)
  Ijyb (D)
5 creatures vanquished.

Notes
Turn   | Place    | Note
-------+----------+-------------------------------------------
     0 | D        | dialectric the Gargoyle Fighter began the quest for the
                  | Orb.
     0 | D        | Reached XP level 1. HP: 14/14 MP: 1/1
     1 | D        | Noticed Ijyb
     8 | D        | Killed Ijyb
     9 | D        | Reached skill level 4 in Armour
     9 | D        | Reached XP level 2. HP: 14/20 MP: 2/2
     9 | D        | Reached XP level 3. HP: 17/24 MP: 3/3
    21 | D        | Noticed an ogre
    24 | D        | Killed an ogre
    25 | D        | Reached skill level 6 in Armour
    25 | D        | Reached XP level 4. HP: 29/32 MP: 4/4
    29 | D        | Noticed Sigmund
    35 | D        | Killed Sigmund
    36 | D        | Reached skill level 5 in Maces & Flails
    36 | D        | Reached skill level 8 in Armour
    36 | D        | Reached XP level 5. HP: 26/39 MP: 5/5
    36 | D        | Reached XP level 6. HP: 30/44 MP: 6/6
    45 | D        | Found an ornate altar of the Wu Jian Council.
    45 | D        | Found a shimmering blue altar of Sif Muna.
    47 | D        | Found a radiant altar of Vehumet.
    89 | D        | Found Gaefomi's Book Emporium.
    89 | D        | Found an ancient bone altar of Kikubaaqudgha.
    89 | D        | Found a hazy altar of Hepliaklqana.
    89 | D        | Found a hide-covered altar of Uskayaw.
    89 | D        | Found a basalt altar of Yredelemnul.
    89 | D        | Found an opulent altar of Gozag.
    89 | D        | Found a snail-covered altar of Cheibriados.
    89 | D        | Found a sacrificial altar of Ru.
    89 | D        | Found a shadowy altar of Dithmenos.
    89 | D        | Noticed a yak
    98 | D        | Killed a yak
    99 | D        | Reached skill level 9 in Armour
    99 | D        | Reached XP level 7. HP: 43/50 MP: 7/7
    99 | D        | Found a stormy altar of Qazlal.
    99 | D        | Found a blossoming altar of Fedhas.
    99 | D        | Found a bloodstained altar of Trog.
    99 | D        | Found an iron altar of Okawaru.
    99 | D        | Found a glowing golden altar of the Shining One.
    99 | D        | Found a glowing silver altar of Zin.
    99 | D        | Found a white marble altar of Elyvilon.
   100 | D        | Found a sparkling altar of Nemelex Xobeh.
   106 | D        | Became a worshipper of Trog the Wrathful
   121 | D        | Found a burning altar of Makhleb.
   121 | D        | Found a viscous altar of Jiyva.
   121 | D        | Found a shimmering altar of Xom.
   121 | D        | Found a corrupted altar of Lugonu.
   121 | D        | Noticed a slime creature
   127 | D        | Slain by a slime creature

Illustrated notes

Levels and vault maps discovered:
D:        dungeon_sprint_1 [red_sonja_temple_1, red_sonja_temple_small_1]

Skill      XL: |  1  2  3  4  5  6 |
---------------+-------------------+-----
Fighting       | 4 6 7 8 |  8.9
Armour         | 4 6 8 9 |  9.4
Shields        | 4 6 |  6.1
Maces & Flails | 3 5 6 |  6.1
Dodging        | 3 4 |  4.6
Evocations     | |  0.5

Action                     |  1- 3 |  4- 6 |  7- 9 || total
---------------------------+-------+-------+-------++-------
  Melee: Flail             |     8 |    15 |     5 ||    28
  Evoke: Wand              |     1 |     1 |       ||     2
    Use: Potion            |     1 |     1 |       ||     2
 Armour: Scale mail        |     1 |     4 |     2 ||     7
  Dodge: Dodged            |     2 |     5 |       ||     7
  Block: Buckler           |     1 |       |       ||     1

Table legend: (Time is in decaauts)
 A = Elapsed time spent in this place.
 B = Non-inter-level travel time spent in this place.
 C = Inter-level travel time spent in this place.
 D = Time resting spent in this place.
 E = Time spent auto-exploring this place.
 F = Levels seen in this place.
 G = Mean time per level.
                   A        B        C        D        E       F      G
               +--------+--------+--------+--------+--------+-----+--------+
         Total |    138 |    138 |      0 |      0 |      0 |   1 |  138.0 |
       Dungeon |    138 |    138 |      0 |      0 |      0 |   1 |  138.0 |
               +--------+--------+--------+--------+--------+-----+--------+

Top non-repeatable levels by time:
       D: 138 daAuts
